 Dungeon Crawl Stone Soup version 0.21-a0-150-gc243083 (webtiles) character file.

12870 Lunath the Severer (level 12, -7/101 HPs)
             Began as a Hill Orc Fighter on July 29, 2017.
             Was a High Priest of Okawaru.
             Mangled by a white ugly thing (32 damage)
             ... on level 10 of the Dungeon.
             The game lasted 00:25:07 (10382 turns).

Lunath the Severer (Hill Orc Fighter)              Turns: 10382, Time: 00:25:08

Health: -7/101     AC: 24    Str: 21    XL:     12   Next: 0%
Magic:  8/18       EV: 11    Int: 11    God:    Okawaru [*****.]
Gold:   462        SH:  0    Dex: 12    Spells: 11/11 levels left

rFire    . . .     SeeInvis .   V - +2 battleaxe (elec)
rCold    . . .     Gourm    .   (shield currently unavailable)
rNeg     . . .     Faith    +   N - +0 plate armour
rPois    +         Spirit   .   o - +0 helmet
rElec    .         Reflect  .   H - +0 cloak
rCorr    .         Harm     .   M - +1 pair of gloves
MR       .....                  e - +2 pair of boots of Okawaru's Reproof {Int+3 Dex-5}
Stlth    ..........             l - amulet of faith
HPRegen  0.26/turn              i - ring of poison resistance
MPRegen  0.16/turn              T - +4 ring of dexterity

@: heroism, finesse
A: no striking features
a: Heroism, Finesse, Renounce Religion


You were on level 10 of the Dungeon.
You worshipped Okawaru.
Okawaru was extremely pleased with you.
You were not hungry.

You visited 1 branch of the dungeon, and saw 11 of its levels.
You also visited: Ossuary.

You collected 612 gold pieces.
You spent 150 gold pieces at shops.

Inventory:

Hand Weapons
 V - a +2 battleaxe of electrocution (weapon)
Missiles
 v - 5 exploding tomahawks (quivered)
Armour
 e - the +2 pair of boots of Okawaru's Reproof (worn) {Int+3 Dex-5}
   (Okawaru gifted it to you on level 9 of the Dungeon)

   It affects your intelligence (+3).
   It affects your dexterity (-5).
 o - a +0 helmet (worn)
 H - a +0 cloak (worn)
 M - a +1 pair of gloves (worn)
 N - a +0 plate armour (worn)
Jewellery
 i - a ring of poison resistance (left hand)
 l - an amulet of faith (around neck)
 w - an uncursed amulet of regeneration {unknown}
 y - an uncursed ring of fire
 J - an uncursed ring of see invisible
 T - a +4 ring of dexterity (right hand)
Wands
 c - a wand of lightning (3/15)
 q - a wand of flame (11/48)
 x - a wand of lightning (10/15)
 z - a wand of flame (27/48)
 F - a wand of acid (15/15)
 G - a wand of lightning (10/15)
 S - a wand of scattershot (4/9)
Scrolls
 a - a scroll of blinking
 g - 2 scrolls of magic mapping
 p - 11 scrolls of remove curse
 t - a scroll of fear
 u - 4 scrolls of teleportation
 D - 5 scrolls of enchant armour
 I - a scroll of fog
 Q - a scroll of amnesia
 U - a scroll of recharging
 Y - 2 scrolls of enchant weapon
Potions
 d - a potion of might
 h - 4 potions of agility
 j - 2 potions of brilliance {unknown}
 k - 8 potions of curing
 m - 7 potions of mutation
 r - 2 potions of magic {unknown}
 s - 6 potions of haste
 A - 4 potions of degeneration {unknown}
 B - 2 potions of ambrosia {unknown}
 C - 5 potions of flight
 E - a potion of lignification {unknown}
 K - a potion of heal wounds
 R - 2 potions of berserk rage {unknown}
 X - a potion of resistance {unknown}
Books
 W - a Young Poisoner's Handbook

   Spells                             Type                      Level
   a - Sting                          Conjuration/Poison           1
   b - Poisonous Vapours              Poison/Air                   2
   c - Mephitic Cloud                 Conjuration/Poison/Air       3
   d - Olgreb's Toxic Radiance        Poison                       4
   e - Venom Bolt                     Conjuration/Poison           5
Comestibles
 f - 10 bread rations
 n - 6 royal jellies
 L - 8 fruits
 O - 4 meat rations


   Skills:
 + Level 7.9(12.9) Fighting
 * Level 17.7(22.7) Axes
 + Level 7.4(12.4) Armour
 + Level 4.6(9.6) Dodging
   Level 3.2(8.2) Shields
 - Level 8.1 Invocations


You had 11 spell levels left.
You didn't know any spells.

Dungeon Overview and Level Annotations

Branches:
Dungeon (11/15)            Temple (0/1) D:6
   Lair: D:8-11         Orc: D:9-12

Altars:
Ashenzari
Nemelex Xobeh
Okawaru
Qazlal
Ru
Uskayaw
Xom
The Shining One

Shops:
D:6 !


Message History

The orc hits you but does no damage.
You climb upwards.
There is a stone staircase leading down here.
You hit the white ugly thing.
The white ugly thing is lightly wounded.
You hit the orc. The white ugly thing pecks you.
The white ugly thing freezes you!! The orc hits you with a flail!
You are too injured to fight recklessly!
You are too injured to fight recklessly!
You are too injured to fight recklessly!
You gain the combat prowess of a mighty hero.
The white ugly thing closely misses you.
You can now deal lightning-fast blows.
The white ugly thing pecks you but does no damage.
You slice the white ugly thing!!
The white ugly thing is heavily wounded.
The white ugly thing pecks you!
* * * LOW HITPOINT WARNING * * *
The white ugly thing freezes you!!
You die...

#.......... #.######### #.# ####
#.# ##### ...###### #.# #....
...##...# #.# #.### ...##...#
#####.## #.#
...##...###########......# #.#
................@uo......# #.#
.........#.#######.......# #.#
.........#...............# #.#
#........#.##............# #.#
.........#.##......#....## #.#
.........#.##...........# #.#
...........#<.....##....# #.#
.#'..#≈8⌠..##.....##....# #.#
....#.#⌠.≈.##...........#####.###


You could see a white ugly thing and an orc.

Vanquished Creatures
  Fannar (D:10)
  3 two-headed ogres
  A centaur warrior (D:10)
  Joseph (D:9)
  The ghost of scotch the Spear-Bearer, a novice MfGl (D:4)
  A komodo dragon (D:10)
  A tengu conjurer (D:10)
  A troll (D:9)
  2 hippogriffs (D:10)
  Sigmund (D:6)
  2 vampires
  A wraith (D:9)
  5 yaks (D:9)
  5 wyverns
  Eustachio (D:6)
  3 chaos spawn (D:10)
  Grum (D:9)
  A black bear (D:9)
  3 orc warriors
  Duvessa (D:7)
  5 necrophages
  4 sky beasts
  5 ice beasts
  3 phantoms
  4 wolves (D:9)
  4 ogres
  2 centaurs
  3 crocodiles
  3 elf zombies (Ossuary)
  2 big kobolds
  3 bullfrogs
  4 scorpions
  Dowan (D:7)
  A water moccasin skeleton (D:7)
  2 wights (D:7)
  A howler monkey (D:10)
  4 crimson imps
  3 centaur zombies
  A quasit (D:10)
  2 hounds
  A jelly (D:6)
  Crazy Yiuf (D:6)
  2 orc wizards
  A bullfrog skeleton (D:4)
  5 orc priests
  Jessica (D:3)
  3 iguanas
  7 worker ants
  A big kobold zombie (Ossuary)
  3 mummies (Ossuary)
  A hound zombie (Ossuary)
  15 adders
  5 shadow imps
  An ooze (D:2)
  5 adder zombies
  6 worms
  A dart slug (D:2)
  11 leopard geckos
  18 orcs
  4 giant cockroaches
  7 hobgoblins
  3 jackals (D:2)
  6 quokkas
  A ball python (D:5)
  8 bats
  13 frilled lizards
  6 gnoll zombies (Ossuary)
  11 goblins
  4 goblin zombies (Ossuary)
  2 hobgoblin zombies (Ossuary)
  3 jackal zombies
  14 kobolds
  2 kobold zombies (Ossuary)
  A leopard gecko skeleton (D:4)
  An orc zombie (Ossuary)
  2 quokka zombies (Ossuary)
  6 rats
  5 rat zombies (Ossuary)
280 creatures vanquished.

Notes
Turn   | Place    | Note
-------+----------+-------------------------------------------
     0 | D:1      | Lunath the Hill Orc Fighter began the quest for the Orb.
     0 | D:1      | Reached XP level 1. HP: 19/19 MP: 1/1
   105 | D:1      | Reached skill level 3 in Axes
   242 | D:1      | Reached XP level 2. HP: 25/26 MP: 2/2
   457 | D:1      | Reached skill level 4 in Axes
   641 | D:1      | Reached XP level 3. HP: 31/31 MP: 3/3
   961 | D:2      | Reached skill level 5 in Axes
  1075 | D:2      | Found an iron altar of Okawaru.
  1080 | D:2      | Became a worshipper of Warmaster Okawaru
  1097 | D:2      | Reached XP level 4. HP: 38/39 MP: 4/4
  1307 | D:2      | Reached skill level 6 in Axes
  1645 | D:2      | Reached XP level 5. HP: 13/45 MP: 5/5
  1917 | D:3      | Reached skill level 7 in Axes
  2386 | D:3      | Noticed Jessica
  2391 | D:3      | Killed Jessica
  2391 | D:3      | Reached skill level 8 in Axes
  2391 | D:3      | Reached XP level 6. HP: 51/51 MP: 6/6
  2478 | D:4      | Found a sand-covered staircase.
  2485 | Ossuary  | Entered an ossuary
  2495 | Ossuary  | Reached * piety under Okawaru
  2560 | Ossuary  | Reached skill level 9 in Axes
  2645 | Ossuary  | Reached XP level 7. HP: 42/57 MP: 7/7
  2842 | Ossuary  | Reached skill level 10 in Axes
  3064 | D:4      | Reached ** piety under Okawaru
  3082 | D:4      | Reached skill level 11 in Axes
  3253 | D:4      | Reached skill level 1 in Invocations
  3356 | D:4      | Reached XP level 8. HP: 64/64 MP: 7/9
  3426 | D:4      | Noticed scotch's ghost (novice MfGl)
  3453 | D:4      | Killed scotch's ghost
  3453 | D:4      | Reached *** piety under Okawaru
  3453 | D:4      | Reached skill level 12 in Axes
  3700 | D:5      | Entered Level 5 of the Dungeon
  4063 | D:5      | Reached skill level 13 in Axes
  4063 | D:5      | Reached skill level 5 in Invocations
  4335 | D:5      | Reached XP level 9. HP: 20/70 MP: 9/12
  4816 | D:6      | Found a stormy altar of Qazlal.
  4910 | D:6      | Noticed Sigmund
  4921 | D:6      | Killed Sigmund
  4968 | D:6      | Noticed Eustachio
  4987 | D:6      | Killed Eustachio
  4994 | D:6      | Found Tuachong's Distillery.
  5000 | D:6      | Bought a potion of haste for 150 gold pieces
  5139 | D:6      | Found a staircase to the Ecumenical Temple.
  5248 | D:6      | Found a runed door.
  5464 | D:6      | Reached skill level 14 in Axes
  5566 | D:6      | Noticed Crazy Yiuf
  5579 | D:6      | Killed Crazy Yiuf
  5615 | D:7      | Found a shimmering altar of Xom.
  5633 | D:7      | Found a shattered altar of Ashenzari.
  5635 | D:7      | Found a hide-covered altar of Uskayaw.
  5649 | D:7      | Reached **** piety under Okawaru
  5695 | D:7      | Noticed Duvessa
  5695 | D:7      | Noticed Dowan
  5705 | D:7      | Killed Dowan
  5712 | D:7      | Killed Duvessa
  5935 | D:7      | Received a gift from Okawaru
  5951 | D:7      | Reached skill level 15 in Axes
  6252 | D:7      | Reached XP level 10. HP: 69/77 MP: 16/16
  6634 | D:8      | Noticed a two-headed ogre
  6647 | D:8      | Killed a two-headed ogre
  6647 | D:8      | Received a gift from Okawaru
  6647 | D:8      | Reached skill level 16 in Axes
  7138 | D:8      | Reached skill level 1 in Dodging
  7167 | D:8      | Found a glowing golden altar of the Shining One.
  7438 | D:9      | Reached ***** piety under Okawaru
  7448 | D:9      | Reached skill level 5 in Fighting
  7898 | D:9      | Reached skill level 5 in Armour
  8053 | D:9      | Received a gift from Okawaru
  8441 | D:9      | Found a sparkling altar of Nemelex Xobeh.
  8481 | D:9      | Noticed Joseph
  8481 | D:9      | Noticed a two-headed ogre
  8495 | D:9      | Killed a two-headed ogre
  8495 | D:9      | Reached XP level 11. HP: 43/89 MP: 14/17
  8503 | D:9      | Killed Joseph
  8816 | D:9      | Noticed Grum
  8842 | D:9      | Killed Grum
  8842 | D:9      | Received a gift from Okawaru
  8843 | D:9      | Got a pair of fine boots {god gift}
  8849 | D:9      | Identified the +2 pair of boots of Okawaru's Reproof {Int+3 Dex-5} (Okawaru gifted it to you on level 9 of the Dungeon)
  9034 | D:9      | Found a sacrificial altar of Ru.
  9348 | D:10     | Entered Level 10 of the Dungeon
  9409 | D:10     | Found a shimmering altar of Xom.
  9423 | D:10     | Reached skill level 17 in Axes
  9466 | D:10     | Noticed Fannar
  9485 | D:10     | Killed Fannar
  9612 | D:10     | Noticed a centaur warrior
  9642 | D:10     | Killed a centaur warrior
 10134 | D:10     | Noticed a two-headed ogre
 10143 | D:10     | Killed a two-headed ogre
 10143 | D:10     | Reached XP level 12. HP: 77/101 MP: 15/18
 10382 | D:10     | Mangled by a white ugly thing

Vault maps used:
D:1:      tarquinn_simple_flora_water_f
D:2:      okawaru_metal_pillars_3, serial_bayou_ford_a
D:3:      kennysheep_jessica_study
D:4:      nicolae_ossuary_entry_ruins, st_stairs_10,
          minmay_misc_feat_four_crosses
D:5:      first_bread, hangedman_abyss_or_decor_stagger, minmay_fountain_box
D:6:      kennysheep_six_static_rooms, minmay_temple_entry_trees, serial_shops,
          shop, nicolae_qazlal_style_of_elements, uniq_sigmund, uniq_eustachio,
          uniq_crazy_yiuf_cottage
D:7:      grunt_temple_overflow_open, serial_undead, serial_undead_b,
          serial_undead_d, serial_undead_e, serial_undead_c,
          corexii_leaking_fountain, uniq_duvessa
D:8:      tso_altar, grunt_ogre_cave, minmay_unpleasant_kobolds
D:9:      kennysheep_mini, nicolae_ru_sacrificial_ziggurat, uniq_joseph,
          uniq_grum
D:10:     minmay_bloctagon, minmay_guarded_unrand_variability, uniq_fannar
D:11:     erik_lair_island, orc_0_dummy
Ossuary:  minmay_ossuary_two_tombs

Skill      XL: |  1  2  3  4  5  6  7  8  9 10 11 |
---------------+----------------------------------+-----
Axes           | 3 4 5 6 8 9 11 13 15 16 17 | 17.7
Invocations    | 1 5 8 |  8.1
Fighting       | 6 7 |  7.9
Dodging        | 3 4 |  4.6
Armour         | 5 7 |  7.4
Shields        | |  3.2

Action                   |  1- 3 |  4- 6 |  7- 9 | 10-12 || total
-------------------------+-------+-------+-------+-------++-------
Melee: War axe           |   155 |   235 |   387 |   216 ||   993
       Battleaxe         |       |       |       |   192 ||   192
Throw: Tomahawk          |       |       |       |     5 ||     5
Invok: Heroism           |       |     1 |     7 |    10 ||    18
       Finesse           |       |       |       |     4 ||     4
  Use: Scroll            |     2 |     2 |       |    17 ||    21
       Potion            |       |       |     1 |     4 ||     5
  Eat: Chunk             |     1 |     5 |     7 |    13 ||    26
       Bread ration      |       |       |     1 |       ||     1
       Fruit             |       |       |     1 |       ||     1
Armor: Scale mail        |    84 |    95 |   110 |       ||   289
       Chain mail        |       |       |       |    72 ||    72
       Plate armour      |       |       |       |   127 ||   127
Dodge: Dodged            |    52 |    83 |    69 |    99 ||   303
Block: Shield            |    82 |   113 |   101 |    81 ||   377
